 Dungeon Sprint DCSS version 0.30-a0-996-ga6910c8ee8 (webtiles) character file.

Game seed: 10727241372858373020

3042 DiggyJ the Grappler (level 9, -46/102 HPs)
             Began as a Troll Berserker on Apr 4, 2023.
             Was the Champion of Trog.
             Killed from afar by a crystal guardian (63 damage)
             ... with a crystal bolt
             ... in the Dungeon (Sprint II: "The Violet Keep of Menkaure").
             The game lasted 00:05:51 (522 turns).

DiggyJ the Grappler (Troll Berserker)                Turns: 522, Time: 00:05:54

Health: -46/102    AC:  4    Str: 31    XL:     9   Next: 56%
Magic:  0/8        EV: 22    Int:  3    God:    Trog [******]
Gold:   74         SH:  8    Dex:  9    Spells: 8/8 levels left

rFire   . . .      SeeInvis .      - Unarmed
rCold   . . .      Faith    .    (no shield)
rNeg    . . .      Spirit   +    a - +0 animal skin
rPois   .          Reflect  .    (helmet restricted)
rElec   .          Rampage  .    (no cloak)
rCorr   .          NoTele   +    (gloves unavailable)
Will    .....                    (boots unavailable)
Stlth   +                        b - brooch of Shielding {Spirit SH+8}
HPRegen 1.17/turn                c - +5 ring of evasion
MPRegen 0.11/turn                h - +5 ring of evasion

@: lethally poisoned (-46 -> -54), on berserk cooldown, slowed, very slow
A: large, unfitting armour, claws 3, regeneration 1, shaggy fur 1, tough skin 1
a: Renounce Religion, Berserk, Trog's Hand, Brothers in Arms


You were in the Dungeon.
You worshipped Trog.
Trog was exalted by your worship.
You visited 1 branch You collected 2316 gold pieces.
You spent 2242 gold pieces at shops.

Inventory:

Armour
 a - a +0 animal skin (worn)
Jewellery
 b - the brooch of Shielding (around neck) {Spirit SH+8}
   (You bought it in a shop in the Dungeon)

   [amulet of guardian spirit]

   It causes incoming damage to be divided between your reserves of health and
   magic.
   SH:        It affects your SH (+8).
 c - a +5 ring of evasion (left claw)
 h - a +5 ring of evasion (right claw)
Potions
 d - a potion of haste
 e - 2 potions of magic
 f - a potion of berserk rage


   Skills:
 + Level 10.3 Fighting
 + Level 10.5 Dodging
 + Level 0.1 Stealth
 + Level 14.9 Unarmed Combat


You had 8 spell levels left.
You didn't know any spells.
Your spell library was empty.

Dungeon Overview and Level Annotations

Branches:
Dungeon (1/1)

Altars:
Cheibriados
Dithmenos
Elyvilon
Hepliaklqana
Kikubaaqudgha
Makhleb
Qazlal
Ru
Sif Muna
Trog
Uskayaw
Vehumet
Wu Jian
Xom
Yredelemnul
Zin
The Shining One
Jiyva
Lugonu

Shops:
D [:!:=:!(=?[!?[?

Annotations:
D exclusions: obsidian statue, oklob plant and orange crystal statue


Innate Abilities, Weirdness & Mutations

You are too large for most types of armour.
You have claws for hands.
Your natural rate of healing is unusually fast.
You are covered in fur. (AC +1)
You have tough skin. (AC +1)


Message History

You hear an angry hiss.
The death drake bites you. The swamp drake misses you.
The death drake breathes miasma at you. The foul vapour misses you.
The swamp drake is engulfed in dark miasma.
The swamp drake seems to slow down.
The death drake bites you.
You're too confused to move!
You are engulfed in dark miasma.
You are poisoned.
You feel less confused.
You feel very sick.
The swamp drake is no longer moving slowly.
The death drake misses you.
The swamp drake is engulfed in dark miasma.
The swamp drake misses you. The death drake misses you.
You mangle the death drake!!
You kill the death drake!
Trog accepts your kill.
You are engulfed in dark miasma.
You are more poisoned.
You feel extremely sick. The swamp drake breathes poison at you.
The noxious blast engulfs you but does no damage.
You are more poisoned.
Blink to where?
Press: ? - help, Q - select action, (/) - cycle Dir - move target
As you read the scroll of blinking, it crumbles to dust.
You feel extremely sick.
You claw the swamp drake!
The swamp drake is heavily wounded.
You feel very sick. The swamp drake bites you.
* * * LOW HITPOINT WARNING * * *
You claw the swamp drake!
You kill the swamp drake!
Trog accepts your kill.
You feel very sick.
The crystal guardian fires a crystalline bolt at you.
The crystal bolt misses you. The crystal bolt freezes you!!!
Ouch! That really hurt!
You die...

○..○...# ... .....°#
.... ++#+++## ... ##
.......# .. .#
##†##..# #. .#
#...##.#### +.##.#
.##..#....# #...####
!
#.######..#####..##.#
$)
##'###.##..#.†9.@#..#
?($
##.##...#..#..#..#..#


?[$$ '.<.'.##'..####..##.# [?!?$ ##÷####.#....###^..##▓▓▓▓▓▓
##'###.##......~~~~~~~~~~~~ #.#.####~~.§...~#+########+
..#..#~~§~~~~..§#._._._..#§ #...##~§†~~§§§§§#.._._._.#§
##'##~~~≈≈§~§~~~#._._._._#~ You could see a crystal guardian.

Vanquished Creatures
  A death drake (D)
  A merfolk siren (D)
  A yaktaur (D)
  A hornet (D)
  3 polar bears (D)
  A vampire mosquito (D)
  4 neqoxecs (D)
  2 water moccasins (D)
  A swamp drake (D)
  3 black bears (D)
  4 necrophages (D)
  3 worms (D)
25 creatures vanquished.

Vanquished Creatures (others)
  Menkaure (D)
  A swamp drake (D)
2 creatures vanquished.

Grand Total: 27 creatures vanquished

Notes
Turn   | Place    | Note
-------+----------+-------------------------------------------
     0 | D        | DiggyJ the Troll Berserker began the quest for the Orb.
     0 | D        | Reached XP level 1. HP: 22/22 MP: 0/0
    15 | D        | Noticed a neqoxec
    15 | D        | Noticed a neqoxec
    21 | D        | Killed a neqoxec
    21 | D        | Reached ** piety under Trog
    22 | D        | Reached skill level 5 in Fighting
    22 | D        | Reached skill level 5 in Dodging
    22 | D        | Reached skill level 6 in Unarmed Combat
    22 | D        | Reached XP level 2. HP: 35/35 MP: 1/1
    22 | D        | Reached XP level 3. HP: 42/42 MP: 2/2
    22 | D        | Reached XP level 4. HP: 50/50 MP: 3/3
    32 | D        | Killed a neqoxec
    33 | D        | Reached skill level 8 in Unarmed Combat
    33 | D        | Reached XP level 5. HP: 61/61 MP: 4/4
    34 | D        | Noticed a neqoxec
    35 | D        | Lost intelligence.
    40 | D        | Killed a neqoxec
    41 | D        | Reached skill level 9 in Unarmed Combat
    41 | D        | Reached XP level 6. HP: 50/71 MP: 5/5
    46 | D        | Noticed a neqoxec
    47 | D        | Noticed an obsidian statue
    49 | D        | Noticed a water moccasin
    50 | D        | Killed a neqoxec
    50 | D        | Reached *** piety under Trog
    51 | D        | Reached XP level 7. HP: 61/78 MP: 6/6
    63 | D        | Reached skill level 10 in Unarmed Combat
    72 | D        | Found Nuptax's Antique Armour Shoppe.
    72 | D        | Found Japp's Magic Scroll Emporium.
    73 | D        | Found Jawewy Nacsu's Antique Armour Emporium.
    73 | D        | Found Dainyg Vise's Distillery.
    73 | D        | Found Goetim's Magic Scroll Emporium.
    75 | D        | Killed Menkaure
    76 | D        | Found Jimyil's Antique Weapon Emporium.
    76 | D        | Found Cute Cax's Jewellery Shoppe.
    76 | D        | Found Bemeog Qeq's Magic Scroll Emporium.
    78 | D        | Found Namum's Book Shoppe.
    78 | D        | Found Coemutek's Jewellery Shoppe.
    78 | D        | Found Tekhlexai's Distillery.
    78 | D        | Noticed a death yak
    80 | D        | Noticed a fire dragon
    90 | D        | Noticed a merfolk siren
    95 | D        | Killed a merfolk siren
    96 | D        | Reached skill level 11 in Unarmed Combat
   114 | D        | Reached **** piety under Trog
   115 | D        | Reached XP level 8. HP: 89/89 MP: 7/7
   140 | D        | Found Bediox's Book Shoppe.
   140 | D        | Found Qalin's Distillery.
   140 | D        | Noticed an oklob plant
   141 | D        | Found Yhughig Oxzi's Armour Shoppe.
   141 | D        | Found Hogh's Book Shoppe.
   174 | D        | Noticed an iron elemental
   202 | D        | Reached ***** piety under Trog
   203 | D        | Reached skill level 12 in Unarmed Combat
   215 | D        | Noticed an orange crystal statue
   272 | D        | Found a glowing silver altar of Zin.
   274 | D        | Found a glowing golden altar of the Shining One.
   274 | D        | Found a basalt altar of Yredelemnul.
   274 | D        | Found a hide-covered altar of Uskayaw.
   275 | D        | Found a shimmering altar of Xom.
   275 | D        | Found a bloodstained altar of Trog.
   276 | D        | Found a radiant altar of Vehumet.
   276 | D        | Found a burning altar of Makhleb.
   277 | D        | Found an ornate altar of the Wu Jian Council.
   277 | D        | Found a shimmering blue altar of Sif Muna.
   277 | D        | Found a corrupted altar of Lugonu.
   278 | D        | Found a sacrificial altar of Ru.
   278 | D        | Found an ancient bone altar of Kikubaaqudgha.
   278 | D        | Found a white marble altar of Elyvilon.
   279 | D        | Found a stormy altar of Qazlal.
   279 | D        | Found a viscous altar of Jiyva.
   279 | D        | Found a shadowy altar of Dithmenos.
   280 | D        | Found a hazy altar of Hepliaklqana.
   280 | D        | Found a snail-covered altar of Cheibriados.
   322 | D        | Noticed a polar bear
   322 | D        | Noticed a polar bear
   324 | D        | Noticed a polar bear
   325 | D        | Noticed a yaktaur
   338 | D        | Killed a polar bear
   339 | D        | Reached skill level 13 in Unarmed Combat
   339 | D        | Killed a polar bear
   340 | D        | Reached XP level 9. HP: 90/101 MP: 8/8
   341 | D        | Killed a polar bear
   343 | D        | Killed a yaktaur
   344 | D        | Reached skill level 10 in Fighting
   344 | D        | Reached skill level 10 in Dodging
   406 | D        | Bought a scroll of acquirement for 728 gold pieces
   406 | D        | Acquired 1251 gold pieces
   412 | D        | Bought the brooch of Shielding {Spirit SH+8} for 650 gold
                  | pieces
   412 | D        | Found the brooch of Shielding {Spirit SH+8}
   421 | D        | Bought a +5 ring of evasion for 432 gold pieces
   421 | D        | Bought a +5 ring of evasion for 432 gold pieces
   484 | D        | Reached ****** piety under Trog
   485 | D        | Reached skill level 14 in Unarmed Combat
   497 | D        | Noticed a death drake
   497 | D        | Noticed a crystal guardian
   519 | D        | Killed a death drake
   522 | D        | Killed from afar by a crystal guardian

Illustrated notes

Levels and vault maps discovered:
D:        the_violet_keep_of_menkaure [sprint2_stairs_cluster_1,
          sprint2_shoproom, sprint2_temple, sprint2_basic_supplies,
          sprint2_obstacle_4, sprint2_obstacle_5, sprint2_obstacle_3,
          sprint2_obstacle_2, sprint2_obstacle_1, sprint2_timed_cluster_1,
          sprint2_smallroom_cluster_1, sprint2_smallroom_final_cluster_1,
          sprint2_transparent_cluster_1, sprint2_second_timed_cluster_1,
          sprint2_sniper_area_1, sprint2_heavy_combat_area_1,
          sprint2_mutation_trap_area_1, sprint2_forest_area_1,
          sprint2_light_combat_area_1, sprint2_behind_water_1,
          sprint2_near_end_vault_1]

Skill      XL: |  1  2  3  4  5  6  7  8  9 |
---------------+----------------------------+-----
Fighting       | 5 6 7 8 9 10 | 10.3
Dodging        | 5 6 7 8 9 10 | 10.5
Unarmed Combat | 6 8 9 11 13 14 | 14.9
Stealth        | |  0.1

Action                     |  1- 3 |  4- 6 |  7- 9 || total
---------------------------+-------+-------+-------++-------
  Melee: Unarmed           |     8 |    17 |    68 ||    93
         Punch             |       |       |     1 ||     1
 Invoke: Berserk           |     1 |       |     2 ||     3
    Use: Potion            |       |       |     2 ||     2
         Scroll            |       |       |     2 ||     2
 Armour: Animal skin       |     1 |     1 |    19 ||    21
  Dodge: Dodged            |     2 |     2 |    55 ||    59

Table legend: (Time is in decaauts)
 A = Elapsed time spent in this place.
 B = Non-inter-level travel time spent in this place.
 C = Inter-level travel time spent in this place.
 D = Time resting spent in this place.
 E = Time spent auto-exploring this place.
 F = Levels seen in this place.
 G = Mean time per level.
                   A        B        C        D        E       F      G
               +--------+--------+--------+--------+--------+-----+--------+
         Total |    523 |    497 |     26 |      9 |      0 |   1 |  523.0 |
       Dungeon |    523 |    497 |     26 |      9 |      0 |   1 |  523.0 |
               +--------+--------+--------+--------+--------+-----+--------+

Top non-repeatable levels by time:
       D: 523 daAuts
